Map: [ESL] Alcyone

Players

ShoWTimE - Winner!

  • Race: Protoss Protoss
  • Spawn Location: 7:00

AqueroN

  • Race: Terran Terran
  • Spawn Location: 1:00

Event: ESL SC2 Masters 2023 Winter (Regional)

VOD

Have the link to the VOD?

Description

Time

  • Played on: Nov. 1, 2023, 2:17 p.m.
  • Length: 8:21

All games in this series

Show
View Real Time Build Order
Export as new Build Order

ShoWTimE Protoss - Winner!

Build Orders: 1 Gate Expand, Phoenix Opening, Blink Stalkers 

Get SALT Encoding   

  12  0:00  Probe  
  13  0:12  Probe  
  14  0:17  Pylon  
  14  0:24  Probe (Chrono Boost)  
  15  0:36  Gateway, Probe (Chrono Boost)  
  16  0:44  Probe (Chrono Boost)  
  16  0:46  Assimilator  
  17  0:50  Probe  
  18  1:03  Probe  
  19  1:15  Probe  
  20  1:22  Nexus  
  20  1:32  Cybernetics Core  
  20  1:33  Probe  
  20  1:38  Assimilator  
  21  1:45  Probe  
  22  1:49  Pylon  
  22  1:58  Probe  
  23  2:05  Adept (Chrono Boost)  
  23  2:08  Warp Gate  
  25  2:10  Probe  
  26  2:17  Twilight Council  
  26  2:22  Probe  
  27  2:26  Stalker (Chrono Boost)  
  29  2:34  Probe  
  29  2:36  Probe  
  31  2:46  Probe  
  31  2:48  Probe, Stalker  
  35  2:55  Blink (Chrono Boost)  
  35  2:58  Probe  
  36  3:00  Probe  
  37  3:07  Gateway  
  37  3:10  Probe  
  37  3:12  Probe  
  39  3:17  Pylon  
  39  3:22  Probe  
  39  3:24  Sentry  
  39  3:26  Probe  
  43  3:34  Probe  
  43  3:38  Probe  
  45  3:44  Nexus  
  45  3:46  Probe  
  46  3:50  Robotics Facility  
  46  3:51  Probe  
  46  3:54  Phoenix  
  47  3:57  Pylon  
  47  3:59  Probe  
  47  4:02  Stalker  
  50  4:04  Probe  
  50  4:06  Stalker  
  53  4:10  Assimilator  
  53  4:12  Probe  
  53  4:16  Pylon  
  54  4:23  Probe  
  55  4:24  Probe  
  55  4:25  Stalker  
  55  4:30  Stalker  
  60  4:35  Probe  
  60  4:36  Probe  
  60  4:38  Gateway  
  62  4:39  Observer  
  63  4:47  Probe  
  63  4:48  Probe  
  65  4:59  Probe  
  63  5:00  Stalker x2, Probe  
  63  5:03  Probe  
  69  5:10  Gateway  
  69  5:11  Probe  
  69  5:12  Probe  
  71  5:15  Probe  
  71  5:16  Forge  
  71  5:17  Observer  
  73  5:23  Probe  
  73  5:24  Probe  
  73  5:27  Stalker x2  
  79  5:29  Charge (Chrono Boost)  
  79  5:30  Probe  
  79  5:33  Pylon  
  80  5:35  Probe  
  80  5:41  Probe  
  82  5:43  Gateway  
  82  5:44  Gateway  
  82  5:51  Stalker  
  82  5:52  Stalker x2  
  82  5:57  Pylon  
  88  5:58  Shield Battery  
  88  6:00  Protoss Ground Weapons Level 1 (Chrono Boost)  
  88  6:04  Gateway  
  88  6:05  Gateway  
  88  6:07  Immortal (Chrono Boost)  
  92  6:12  Probe  
  92  6:16  Pylon  
  93  6:19  Zealot x3  
  99  6:27  Pylon  
  99  6:35  Shield Battery  
  99  6:37  Pylon  
  99  6:38  Immortal (Chrono Boost), Stalker  
  101  6:42  Sentry  
  107  6:50  Zealot x2  
  107  6:51  Shield Battery  
  107  6:52  Shield Battery  
  109  6:56  Sentry, Zealot, Observer  
  109  7:00  Pylon  
  113  7:04  Zealot x3  
  119  7:09  Immortal (Chrono Boost)  
  119  7:12  Pylon  
  119  7:14  Pylon  
  123  7:16  Observer  
  123  7:19  Zealot x3  
  123  7:20  Zealot x2  
  133  7:23  Photon Cannon  
  133  7:25  Pylon  
  133  7:30  Pylon  
  133  7:37  Nexus  
  133  7:38  Pylon  
  133  7:46  Pylon  
  133  7:49  Zealot x6  
  141  7:54  Zealot x2  
  113  8:09  Zealot x6  
Show
View Real Time Build Order
Export as new Build Order

AqueroN Terran 

Build Orders: Reaper Expand 

Get SALT Encoding   

  12  0:00  SCV  
  13  0:12  SCV  
  14  0:17  Supply Depot  
  14  0:24  SCV  
  15  0:38  SCV  
  15  0:39  Barracks  
  16  0:43  Refinery  
  16  0:50  SCV  
  17  1:03  SCV  
  18  1:15  SCV  
  19  1:26  Reaper  
  19  1:27  Orbital Command  
  20  1:38  Command Center  
  20  1:47  Supply Depot  
  20  1:52  SCV  
  21  1:57  Marine  
  22  2:04  SCV  
  22  2:06  Factory  
  23  2:13  Refinery  
  23  2:16  SCV  
  23  2:20  Barracks Reactor  
  24  2:27  Bunker  
  24  2:29  SCV  
  25  2:41  SCV  
  26  2:50  Starport  
  26  2:51  Orbital Command  
  26  2:54  Widow Mine  
  26  2:55  SCV  
  29  3:00  Marine  
  29  3:01  Marine  
  31  3:07  SCV  
  31  3:10  Supply Depot  
  32  3:17  Widow Mine  
  32  3:18  SCV, Marine  
  32  3:19  SCV, Marine  
  37  3:28  Medivac  
  37  3:31  SCV  
  37  3:32  Barracks  
  37  3:34  SCV  
  41  3:38  Marine  
  41  3:40  Factory Tech Lab  
  42  3:41  Marine  
  42  3:43  SCV  
  42  3:47  SCV  
  45  3:48  Supply Depot  
  45  3:52  Barracks  
  45  3:55  SCV  
  46  3:59  SCV  
  47  4:05  Factory Tech Lab  
  47  4:06  Raven  
  47  4:07  SCV  
  47  4:08  Supply Depot  
  50  4:10  Marine  
  50  4:11  SCV, Marine  
  53  4:17  Refinery  
  53  4:19  SCV  
  53  4:23  SCV  
  55  4:24  Supply Depot  
  55  4:27  Stimpack, Marine  
  56  4:31  Engineering Bay  
  56  4:32  Marine  
  56  4:33  Marine  
  56  4:35  SCV  
  56  4:38  SCV  
  60  4:42  Factory Reactor  
  60  4:45  Marine  
  61  4:46  Starport Reactor  
  61  4:47  SCV  
  61  4:50  Marine, SCV  
  62  4:57  Combat Shield, Marauder, Marine  
  62  4:59  SCV  
  62  5:02  Terran Infantry Weapons Level 1, SCV  
  62  5:05  Marauder  
  65  5:08  Supply Depot  
  65  5:11  SCV, Supply Depot  
  65  5:12  Marine  
  67  5:14  Marine  
  67  5:20  Marine  
  69  5:24  Command Center  
  69  5:26  Medivac  
  71  5:29  Medivac  
  71  5:30  Marine  
  71  5:34  Marine, Marauder  
  77  5:36  SCV  
  77  5:41  Marauder  
  77  5:42  Widow Mine  
  82  5:44  Supply Depot  
  82  5:46  Widow Mine  
  81  5:52  Marine  
  81  5:55  Marauder, Marine  
  85  5:58  Medivac  
  85  6:02  Supply Depot  
  87  6:05  Marauder, Supply Depot  
  87  6:06  Widow Mine  
  87  6:07  Widow Mine  
  87  6:10  Marine  
  93  6:15  Marine  
  93  6:17  Marauder  
  96  6:18  Barracks  
  96  6:21  Barracks  
  96  6:31  Marauder, Marine  
  97  6:37  Widow Mine x2, Medivac  
  97  6:38  Marauder  
  97  6:39  Marine  
  105  6:43  Orbital Command  
  106  6:52  Marauder  
  108  6:55  Marine  
  108  6:56  SCV x2  
  108  6:59  Marauder, Widow Mine  
  115  7:04  Marine  
  115  7:06  Orbital Command, Widow Mine  
  115  7:07  Medivac  
  120  7:10  Marine x2  
  120  7:14  Marauder  
  124  7:15  Refinery  
  124  7:19  Marine  
  124  7:21  Marauder  
  124  7:22  Marine  
  128  7:28  Marine x2  
  130  7:33  Widow Mine  
  132  7:37  Marine, Supply Depot  
  132  7:38  Marauder, Widow Mine  
  132  7:42  Marauder  
  104  7:59  Marauder  
Tags
 
Add a new tag
Caveats
  • Supply blocks, unpowered buildings, or Contaminate may cause inaccurate times.
  • Supply counts are checked every 10 seconds.